 Dungeon Crawl Stone Soup version 0.25.0-41-g26779e291d (webtiles) character file.

Game seed: 7463831025171872726

9 Milting the Skirmisher (level 2, -3/26 HPs)
             Began as a Ghoul Chaos Knight on July 10, 2020.
             Was a Plaything of Xom.
             Slain by a worm (5 damage)
             ... on level 2 of the Dungeon.
             The game lasted 00:02:42 (887 turns).

Milting the Skirmisher (Ghoul Chaos Knight)          Turns: 887, Time: 00:02:42

Health: -3/26      AC:  7    Str: 15    XL:     2   Next: 12%
Magic:  0/1        EV: 11    Int:  7    God:    Xom [...*..]
Gold:   31         SH:  0    Dex:  8    Spells: 1/1 levels left

rFire    . . .     SeeInvis .     - Unarmed
rCold    + . .     Gourm    .   (no shield)
rNeg     + + +     Faith    .   a - +2 leather armour
rPois    ∞         Spirit   +   (no helmet)
rElec    .         Reflect  .   (no cloak)
rCorr    .         Harm     .   i - +1 pair of gloves
MR       .....                  (no boots)
Stlth    +.........             h - amulet of guardian spirit
HPRegen  0.00/turn              (no ring)
MPRegen  0.07/turn              (no ring)

@: rotting
A: rotting body, claws 1, carnivore, cold resistance 1, negative energy
resistance 3, inhibited regeneration, torment resistance, unbreathing
a: Renounce Religion


You were on level 2 of the Dungeon.
You worshipped Xom.
You were a favourite toy of Xom.
You were not hungry.

You visited 1 branch of the dungeon, and saw 2 of its levels.

You collected 31 gold pieces.

Inventory:

Missiles
 c - 15 arrows
 f - 67 stones (quivered)
 l - 4 boomerangs
 n - 18 bolts
Armour
 a - a +2 leather armour (worn)
 i - a +1 pair of gloves (worn)
Jewellery
 h - an amulet of guardian spirit (around neck)
Scrolls
 e - a scroll of teleportation {unknown}
 k - a scroll of enchant weapon {unknown}
Potions
 d - a potion of brilliance {unknown}
 g - a potion of ambrosia {unknown}
 m - a potion of curing {unknown}
Comestibles
 b - 2 rations


   Skills:
 * Level 3.5 Fighting
 + Level 1.8 Armour
 + Level 1.0 Dodging
 + Level 0.5 Stealth
 * Level 3.5 Unarmed Combat


You had one spell level left.
You didn't know any spells.
Your spell library was empty.

Dungeon Overview and Level Annotations

Branches:
Dungeon (2/15)

Altars:


Innate Abilities, Weirdness & Mutations

Your body is rotting away.
You thrive on raw meat.
You are immune to poison.
You have sharp fingernails.
You are carnivorous and can eat meat at any time.
Your flesh is cold resistant. (rC+)
You are immune to negative energy. (rN+++)
You do not regenerate when monsters are visible.
You are immune to unholy pain and torment.
You can survive without breathing.


Message History

* * * LOW HITPOINT WARNING * * *
You hit the worm but do no damage.
The worm is heavily wounded.
You hit the worm but do no damage.
The worm is heavily wounded.
The worm bites you but does no damage.
You hit the worm.
The worm is heavily wounded.
The worm closely misses you.
You barely miss the worm.
The worm is heavily wounded.
You hit the worm.
The worm is severely wounded.
The worm bites you but does no damage.
You hit the worm.
The worm is severely wounded.
You hit the worm but do no damage.
The worm is severely wounded.
The worm bites you.
You die...

#.. .# ##+## .. .#
##...## #.###.#
##....<## .....
##.......##
###...####.........#
....... +.........+
####.w.##
#...).....#
#....@..#
##.......##
#.###.#.# ##.....##
#.###.# # ##...##
#.#...#. ##'##
#.#.###. #.#
#.#.###.#######.#
#....^..........##
##.#.#.##.........##
#.##.##.#..###.....#


You could see a worm.

Vanquished Creatures
  2 ball pythons (D:1)
  A bat (D:1)
  A hobgoblin (D:1)
  A kobold (D:1)
  A frilled lizard (D:2)
  2 goblins
  A rat (D:1)
9 creatures vanquished.

Notes
Turn   | Place    | Note
-------+----------+-------------------------------------------
     0 | D:1      | Milting the Ghoul Chaos Knight began the quest for the Orb.
     0 | D:1      | Reached XP level 1. HP: 19/19 MP: 0/0
    30 | D:1      | XOM: divination: detect items
   176 | D:1      | XOM: silly message
   181 | D:1      | Reached skill level 1 in Dodging
   406 | D:1      | XOM: butterfly on damage
   410 | D:1      | Reached XP level 2. HP: 17/26 MP: 1/1
   494 | D:1      | XOM: 1-stop teleportation journey
   502 | D:1      | XOM: 1-stop teleportation journey
   887 | D:2      | Slain by a worm

Illustrated notes

Levels and vault maps discovered:
D:1:      minmay_arrival_hallway, layout_loops_ring,
          hangedman_decor_clover_reticule
D:2:      layout_loops_corners

Skill      XL: |  1 |
---------------+----+-----
Dodging        | 1 |  1.0
Fighting       | |  3.5
Armour         | |  1.8
Stealth        | |  0.5
Unarmed Combat | |  3.5

Action                   || total
-------------------------++-------
Melee: Unarmed           ||    41
  Eat: Chunk             ||     2
Armor: Leather armour    ||    14
Dodge: Dodged            ||    11
